 Dungeon Crawl Stone Soup version 0.29.1-2-gbd0b4ee654 (webtiles) character file.

Game seed: 17681065894443768282

126 Lutefisk the Insei (level 5, 0/36 HPs)
             Began as an Octopode Transmuter on Nov 13, 2022.
             Succumbed to an adder's poison
             ... in a sewer.
             The game lasted 00:07:57 (1157 turns).

Lutefisk the Insei (Octopode Transmuter)            Turns: 1157, Time: 00:07:57

Health: 0/36       AC:  1    Str: 10    XL:     5   Next: 9%
Magic:  17/17      EV: 17    Int: 15    God:
Gold:   139        SH:  0    Dex: 14    Spells: 2/8 levels left

rFire   . . .      SeeInvis .     - Unarmed
rCold   . . .      Faith    .   (no shield)
rNeg    . . .      Spirit   .   (helmet restricted)
rPois   .          Reflect  .   (no amulet)
rElec   .          Harm     .   j - ring of magical power
rCorr   .          Rampage  .   m - +4 ring of evasion
Will    .....                   l - ring of flight
Stlth   +++.......              (no ring)
HPRegen 0.12/turn               (no ring)
MPRegen 0.15/turn               (no ring)
                                (no ring)
                                (no ring)

@: mighty, lethally poisoned (0 -> -2), on berserk cooldown, flying, slowed,
very slow
A: almost no armour, amphibious, 8 rings, camouflage 1, gelatinous body 1,
nimble swimmer 1, tentacles
a: no special abilities


You were in a sewer.
You visited 1 branch of the dungeon, and saw 3 of its levels.
You also visited: Sewer.

You collected 139 gold pieces.

Inventory:

Magical Staves
 h - a staff of air
Jewellery
 j - a ring of magical power (left tentacle)
 l - a ring of flight (on tentacle)
 m - a +4 ring of evasion (right tentacle)
Scrolls
 c - a scroll of enchant armour {unknown}
 d - a scroll of butterflies {unknown}
 e - a scroll of blinking {unknown}
 f - a scroll of teleportation {unknown}
 i - 2 scrolls of identify {unknown}
 k - 2 scrolls of summoning {unknown}
Potions
 a - a potion of lignification


   Skills:
 - Level 3.0 Fighting
 * Level 2.6 Dodging
 - Level 4.0 Unarmed Combat
 - Level 2.0 Spellcasting
 - Level 2.0 Transmutations
 - Level 2.0 Poison Magic


You had 2 spell levels left.
You knew the following spells:

 Your Spells              Type           Power      Damage    Failure   Level
a - Beastly Appendage     Tmut           14%        N/A       10%         1
b - Wereblood             Tmut           7%         N/A       14%         2
c - Spider Form           Tmut/Pois      7%         N/A       28%         3

Your spell library contained the following spells:

 Spells                   Type           Power      Damage    Failure   Level
 Sting                    Tmut/Pois      28%        1d4       10%         1
 Poisonous Vapours        Pois/Air       8%         N/A       22%         2
 Olgreb's Toxic Radiance  Pois           7%         N/A       67%         4
 Ice Form                 Ice/Tmut       4%         N/A       82%         4
 Airstrike                Air            0%         2d(1-17)  91%         4
 Borgnjor's Vile Clutch   Necr/Erth      0%         N/A       99%         5


Dungeon Overview and Level Annotations

Branches:
Dungeon (3/15)              Sewer (1/1)

Altars:
Gozag
Yredelemnul


Innate Abilities, Weirdness & Mutations

You cannot wear most types of armour.
You are amphibious.
You can wear up to eight rings at the same time.
Your skin changes colour to match your surroundings (Stealth+).
Your rubbery body absorbs attacks. (AC +1, EV +1)
You are camouflaged when in or above water. (Stealth+)
You have tentacles for arms and can constrict up to eight enemies at once.


Message History

The giant cockroach completely misses you.
You have reached level 5!
You feel stronger.
It was a potion of might.
You feel very mighty all of a sudden.
* * * LOW HITPOINT WARNING * * *
You feel sick. The giant cockroach barely misses you.
The giant cockroach misses you.
The giant cockroach splashes around in the water.
It was a potion of berserk rage.
A red film seems to cover your vision as you go berserk!
You feel yourself moving faster!
You feel mighty!
* * * LOW HITPOINT WARNING * * *
You feel sick. The giant cockroach misses you. The giant cockroach bites you.
* * * LOW HITPOINT WARNING * * *
The giant cockroach waves its antennae.
The giant cockroach misses you.
You closely miss the giant cockroach. You grab the giant cockroach.
You squeeze the giant cockroach.
You kill the giant cockroach!
* * * LOW HITPOINT WARNING * * *
You feel sick.
You tentacle-slap the giant cockroach. You grab the giant cockroach.
You pierce the giant cockroach.
You kill the giant cockroach!
* * * LOW HITPOINT WARNING * * *
You feel sick.
You are too berserk!
You are too berserk!
You feel a strong urge to attack something.
* * * LOW HITPOINT WARNING * * *
You feel sick.
Your tentacle spike disappears.
* * * LOW HITPOINT WARNING * * *
You feel sick.
You feel your anger nearly subside.
You are no longer berserk.
You are exhausted.
You feel yourself slow down.
You die...

#########
###~~~~~~~###
##~~~~.~~~~.~##
#~~~~~~.~†~†~~####
B~~~~#####~~.~.##∩##
~S~ ###~~~~#~~# .
##.~~#~.## ##~~##..#
#~@.#.∩# ##~~#†.#
#..##.## #.~~#..#
###~#~~# #~#~~#
#~#~~# #~#~~#
##.#~~#


There were no monsters in sight!

Vanquished Creatures
  6 adders
  A worm (D:2)
  A dart slug (D:1)
  2 orcs (D:3)
  6 ball pythons
  10 endoplasms
  4 giant cockroaches
  7 hobgoblins
  8 quokkas
  3 bats
  5 frilled lizards
  3 goblins
  2 kobolds
  5 rats
63 creatures vanquished.

Notes
Turn   | Place    | Note
-------+----------+-------------------------------------------
     0 | D:1      | Lutefisk the Octopode Transmuter began the quest for the
                  | Orb.
     0 | D:1      | Reached XP level 1. HP: 13/13 MP: 3/3
    89 | D:1      | Reached XP level 2. HP: 14/19 MP: 5/5
   224 | D:1      | Got Sif Muna's Papyrus of Airy Iniquitous Liturgies
   235 | D:2      | Learned a level 2 spell: Wereblood
   504 | D:2      | Reached XP level 3. HP: 22/25 MP: 4/6
   581 | D:2      | Learned a level 3 spell: Spider Form
   677 | D:2      | Reached XP level 4. HP: 28/31 MP: 5/7
   837 | D:3      | Reached skill level 4 in Unarmed Combat
   838 | D:3      | Found an opulent altar of Gozag.
   845 | D:3      | Found a basalt altar of Yredelemnul.
   863 | D:3      | Reached skill level 1 in Poison Magic
  1056 | D:3      | Found a glowing drain.
  1067 | Sewer    | Entered a sewer
  1149 | Sewer    | Reached XP level 5. HP: 6/36 MP: 8/8
  1152 | Sewer    | HP: 2/54 [poisoned by an adder]
  1157 | Sewer    | Succumbed to an adder's poison

Illustrated notes

Levels and vault maps discovered:
D:1:      dpeg_arrival_brainrot, layout_basic
D:2:      kennysheep_the_goblin_king, layout_loops_ring, uniq_jessica
D:3:      layout_loops_ring, nicolae_overflow_squiral,
          hellmonk_ecumenical_altar_heavens_door, serial_shops,
          nicolae_shop_crystal, cheibrodos_sewer_entry_sluice,
          kennysheep_flooded_box
Sewer:    sewer_frog_island_02

Skill      XL: |  1  2  3  4 |
---------------+-------------+-----
Fighting       | 2 3 |  3.0
Unarmed Combat | 4 |  4.0
Poison Magic   | 2 |  2.0
Dodging        | |  2.6
Spellcasting   | |  2.0
Transmutations | |  2.0

Action                   |  1- 3 |  4- 6 || total
-------------------------+-------+-------++-------
Melee: Unarmed           |    59 |    71 ||   130
       Constrict         |    16 |    19 ||    35
       Kick              |    16 |    13 ||    29
       Tentacles         |    12 |    16 ||    28
       Punch             |     3 |     2 ||     5
 Cast: Beastly Appendage |    13 |    10 ||    23
       Wereblood         |     1 |       ||     1
  Use: Potion            |       |     2 ||     2
 Stab: Sleeping          |     6 |     7 ||    13
Armor: Skin              |     5 |     4 ||     9
Dodge: Dodged            |    25 |    45 ||    70
